 Dungeon Crawl Stone Soup version 0.30.1-11-g7821555f0a (webtiles) character file.

Game seed: 17043063042012939539

117 booth the Chopper (level 4, -1/37 HPs)
             Began as a Demonspawn Monk on Nov 3, 2023.
             Succumbed to an orc's poison
             ... on level 3 of the Dungeon.
             The game lasted 00:15:17 (2155 turns).

booth the Chopper (Demonspawn Monk)                 Turns: 2155, Time: 00:15:17

Health: -1/37      AC:  4    Str: 14    XL:     4   Next: 71%
Magic:  4/4        EV: 12    Int: 11    God:
Gold:   49         SH:  0    Dex: 15    Spells: 3/3 levels left

rFire   . . .        a - +1 hand axe
rCold   . . .        d - orb {light}
rNeg    . . .        m - +0 leather armour
rPois   .            (no helmet)
rElec   .            (no cloak)
rCorr   .            p - +0 pair of gloves
SInv    .            (no boots)
Will    .....        (no amulet)
Stlth   +            (no ring)
HPRegen 0.26/turn    (no ring)
MPRegen 0.09/turn

%: no passive effects
@: lethally poisoned (-1 -> -9), glowing
A: demonic magic 1, demonic touch 2
a: no special abilities


You were on level 3 of the Dungeon.
You visited 1 branch of the dungeon, and saw 3 of its levels.

You collected 99 gold pieces.
You spent 50 gold pieces at shops.

Inventory:

Hand Weapons
 a - a +1 hand axe (weapon)
Missiles
 b - 4 atropa-tipped darts
 k - 2 poisoned darts (quivered)
Armour
 d - an orb of light (worn)
 m - a +0 leather armour (worn)
 p - a +0 pair of gloves (worn)
Jewellery
 l - a ring of magical power
Scrolls
 i - a scroll of enchant weapon
 j - 2 scrolls of butterflies
 n - a scroll of torment {unknown}
Potions
 c - a potion of ambrosia
 e - a potion of lignification
 f - a potion of attraction
 h - a potion of curing {unknown}


   Skills:
 + Level 3.7 Fighting
 * Level 4.0 Axes
 + Level 3.4 Dodging


You had 3 spell levels left.
You didn't know any spells.
Your spell library contained the following spells:

 Spells                   Type           Power      Damage    Failure   Level
 Poisonous Vapours        Pois/Air       0%         N/A       56%         2
 Mephitic Cloud           Conj/Pois/Air  0%         N/A       80%         3
 Freezing Cloud           Conj/Ice/Air   0%         6-21      100%        5


Dungeon Overview and Level Annotations

Branches:
Dungeon (3/15)

Altars:

Shops:
D:3 !

Annotations:
D:3 Sigmund


Innate Abilities, Weirdness & Mutations

Spells you cast may paralyse adjacent enemies.
Your touch may inflict irresistible damage on your foes.


Message History

You are more poisoned.
You hit the orc but do no damage.
The orc is moderately wounded.
You feel very sick. The orc hits you but does no damage.
You are lethally poisoned!
The orc hits you with a +1 dagger of venom.
You are more poisoned.
You hit the orc.
You kill the orc!
You feel extremely sick.
The orc priest invokes the aid of Beogh against you.
Pain shoots through your body!
* * * LOW HITPOINT WARNING * * *
You feel much better.
You feel very sick.
Throw: 3 darts (poison)
Press: ? - help, Q - select action, (/) - cycle Shift-Dir - straight line, f - orc priest
Aim: an orc priest, wielding a +0 mace and wearing a +0 ring mail (haloed, 82% to hit)
You throw a poisoned dart. The poisoned dart hits the orc priest.
The orc priest is poisoned.
* * * LOW HITPOINT WARNING * * *
You feel very sick. The orc priest hits you with a +0 mace.
* * * LOW HITPOINT WARNING * * *
Sigmund barely misses you.
As you read the scroll of teleportation, it crumbles to dust.
You feel strangely unstable.
* * * LOW HITPOINT WARNING * * *
You feel very sick. The orc priest closely misses you.
The orc priest attacks as you move away!
The orc priest barely misses you.
* * * LOW HITPOINT WARNING * * *
You feel sick.
The orc priest attacks as you move away!
The orc priest hits you but does no damage.
Your surroundings suddenly seem different.
Found a stone staircase leading down.
You die...

#.#. #.# .#
+ #. ..# .#
#. ..# .#
.# .....#
... .##
#.#### ..
.. #
#.#+#.###.#
#
#..>......#
. #...@.#
..
.........#
...
####.#+#.#
#### # .# .
+#


There were no monsters in sight!

Vanquished Creatures
  An orc priest (D:3)
  2 adders (D:2)
  3 worms (D:2)
  8 orcs (D:3)
  8 endoplasms
  4 goblins
  4 hobgoblins
  4 jackals (D:1)
  2 quokkas
  2 ball pythons
  2 frilled lizards
  5 kobolds
  4 rats
49 creatures vanquished.

Notes
Turn   | Place    | Note
-------+----------+-------------------------------------------
     0 | D:1      | booth the Demonspawn Monk began the quest for the Orb.
     0 | D:1      | Reached XP level 1. HP: 18/18 MP: 1/1
     1 | D:1      | Noticed an electric eel
   229 | D:1      | Reached skill level 3 in Axes
   229 | D:1      | Gained mutation: Spells you cast may paralyse adjacent
                  | enemies. [demonic ancestry]
   229 | D:1      | Reached XP level 2. HP: 22/24 MP: 2/2
  1125 | D:1      | Gained mutation: Your touch may inflict minor irresistible
                  | damage on your foes. [demonic ancestry]
  1125 | D:1      | Reached XP level 3. HP: 27/29 MP: 3/3
  1782 | D:2      | Gained mutation: Your touch may inflict irresistible damage
                  | on your foes. [demonic ancestry]
  1782 | D:2      | Reached XP level 4. HP: 35/35 MP: 4/4
  2018 | D:3      | Reached skill level 4 in Axes
  2102 | D:3      | Found Kaple's Distillery.
  2107 | D:3      | Bought a potion of heal wounds for 50 gold pieces
  2139 | D:3      | Noticed Sigmund
  2154 | D:3      | HP: 1/37 [poisoned by an orc]
  2155 | D:3      | Succumbed to an orc's poison

Illustrated notes

Levels and vault maps discovered:
D:1:      arrival_aquarium_a, layout_loops_corners,
          minmay_misc_feat_four_crosses
D:2:      layout_rooms, kennysheep_generic_room_3
D:3:      layout_basic, grunt_temple_overflow_open, serial_shops, shop,
          st_stairs_9, uniq_sigmund

Skill      XL: |  1  2  3  4 |
---------------+-------------+-----
Axes           | 3 4 |  4.0
Dodging        | 3 |  3.4
Fighting       | |  3.7

Action                     |  1- 3 |  4- 6 || total
---------------------------+-------+-------++-------
  Melee: Hand axe          |   123 |    34 ||   157
  Throw: Dart              |       |     1 ||     1
    Use: Scroll            |     4 |     4 ||     8
         Potion            |     1 |     2 ||     3
 Armour: Robe              |    22 |     1 ||    23
         Leather armour    |       |     5 ||     5
  Dodge: Dodged            |    73 |    16 ||    89
